 Dungeon Crawl Stone Soup version 0.30-a0-187-gd9c2deaf24 (webtiles) character file.

Game seed: 8771874416357709332

4082 KennySheep the Fighter (level 10, -4/94 (99) HPs)
             Began as an Ogre Fighter on Oct 4, 2022.
             Was a High Priest of Hepliaklqana.
             Slain by a killer bee (6 damage)
             ... on level 8 of the Dungeon.
             The game lasted 00:22:05 (7664 turns).

KennySheep the Fighter (Ogre Fighter)               Turns: 7664, Time: 00:22:06

HP:   -4/94 (99)    AC:  5    Str: 26    XL:     10   Next: 25%
MP:   10/10         EV: 11    Int:  9    God:    Hepliaklqana [*****.]
Gold: 836           SH:  5    Dex:  8    Spells: 9/9 levels left

rFire   + . .      SeeInvis .    f - +1 giant spiked club (venom)
rCold   + + .      Faith    .    (shield currently unavailable)
rNeg    . . .      Spirit   .    b - +0 robe
rPois   +          Reflect  +    (helmet restricted)
rElec   +          Harm     .    (no cloak)
rCorr   +          Rampage  .    (gloves unavailable)
Will    +....                    (boots unavailable)
Stlth   +.........               F - amulet of reflection
HPRegen 0.35/turn                q - ring of resist corrosion
MPRegen 0.12/turn                p - ring of protection from cold

@: lethally poisoned (-4 -> -7), resistant, drained
A: reduced essence, large, unfitting armour, tough skin 1, iridescent scales 1
a: Renounce Religion, Recall Ancestor, Ancestor Identity, Transference, Idealise


You were on level 8 of the Dungeon.
You worshipped Hepliaklqana.
Hepliaklqana was extremely pleased with you.
You visited 1 branch of the dungeon, and saw 8 of its levels.

You collected 836 gold pieces.

Inventory:

Hand Weapons
 a - a +1 flail
 f - a +1 giant spiked club of venom (weapon)
 g - a +6 whip
Missiles
 w - 6 atropa-tipped darts
 J - 5 javelins (quivered)
Armour
 b - a +0 robe (worn)
 c - a +0 kite shield
Jewellery
 i - a ring of protection from fire
 m - a ring of ice
 p - a ring of protection from cold (right hand)
 q - a ring of resist corrosion (left hand)
 x - an amulet of magic regeneration
 F - an amulet of reflection (around neck)
Wands
 l - a wand of iceblast (9)
 n - a wand of paralysis (7)
 r - a wand of flame (78)
 G - a wand of mindburst (13)
Scrolls
 h - 2 scrolls of fog
 k - a scroll of poison
 s - 3 scrolls of teleportation
 t - 2 scrolls of noise
 u - a scroll of blinking
 v - a scroll of vulnerability
 y - a scroll of fear
 C - a scroll of amnesia
 E - a scroll of immolation {unknown}
 H - a scroll of enchant armour
Potions
 d - 2 potions of might
 e - 3 potions of mutation
 j - 3 potions of curing
 o - a potion of attraction {unknown}
 z - 4 potions of magic
 B - 2 potions of flight {unknown}
 D - a potion of berserk rage {unknown}
 I - a potion of degeneration {unknown}
 K - a potion of brilliance {unknown}


   Skills:
 + Level 9.9 Fighting
 * Level 9.3 Maces & Flails
 - Level 5.5 Throwing
 - Level 5.9 Dodging
 - Level 3.0 Shields


You had 9 spell levels left.
You didn't know any spells.
Your spell library contained the following spells:

 Spells                   Type           Power      Damage    Failure   Level
 Apportation              Tloc           0%         N/A       38%         1
 Sandblast                Erth           0%         2d4       38%         1
 Summon Small Mammal      Summ           0%         N/A       38%         1
 Passwall                 Tmut/Erth      0%         N/A       52%         2
 Call Canine Familiar     Summ           0%         N/A       77%         3
 Inner Flame              Hex/Fire       0%         N/A       77%         3
 Kindle Blastsparks       Fire/Tloc/Air  0%         2d10      77%         3
 Stone Arrow              Conj/Erth      0%         3d7       77%         3
 Summon Guardian Golem    Hex/Summ       0%         N/A       77%         3
 Animate Armour           Summ/Erth      0%         N/A       99%         4
 Alistair's Intoxication  Tmut/Pois      0%         N/A       100%        5
 Lehudib's Crystal Spear  Conj/Erth      0%         10d2      100%        8
 Maxwell's Capacitive Co  Air            0%         ∞         100%        8


Dungeon Overview and Level Annotations

Branches:
Dungeon (8/15)             Temple (0/1) D:6
   Lair: D:8-11

Altars:
Ashenzari
Elyvilon
Hepliaklqana
Trog
Wu Jian
The Shining One

Shops:
D:6 (


Innate Abilities, Weirdness & Mutations

Your life essence is reduced to manifest your ancestor. (-10% HP)
You are too large for most types of armour.
You have tough skin. (AC +1)
You are partially covered in iridescent scales. (AC +2)


Message History

The orc hits you with a +0 club. The killer bee stings you.
You barely miss the killer bee.
You feel very sick. The killer bee misses you. The orc barely misses you.
The killer bee completely misses you. The orc hits you but does no damage. x2
You block the orc's attack.
The killer bee stings you but does no damage.
You swap places.
You feel sick.
Something stings Mr Sparky.
The orc hits Mr Sparky with a +0 hand axe.
Something closely misses Mr Sparky.
The orc hits Mr Sparky with a +0 club.
You feel sick.
The killer bee stings Mr Sparky!
Mr Sparky barely misses the orc.
The orc barely misses Mr Sparky.
The killer bee closely misses Mr Sparky.
The orc hits Mr Sparky with a +0 club.
You feel sick.
The killer bee misses Mr Sparky.
Mr Sparky hits the orc with a +0 quarterstaff!
The orc dies!
The orc completely misses Mr Sparky.
The killer bee stings Mr Sparky!
You feel sick.
The killer bee stings Mr Sparky!
Mr Sparky is destroyed!
You feel sick.
You feel sick.
You feel sick.
You are no longer poisoned.
You closely miss the killer bee.
The killer bee stings you but does no damage.
The killer bee stings you.
* * * LOW HITPOINT WARNING * * *
You are poisoned.
The killer bee poisons you!
You impale the killer bee!!
You kill the killer bee!
You feel sick. The killer bee stings you!
* * * LOW HITPOINT WARNING * * *
The killer bee stings you but does no damage.
The orc priest mumbles some strange prayers to Beogh against you.
Beogh smites you!
* * * LOW HITPOINT WARNING * * *
The killer bee stings you.
You die...

....... #.## .[.....
.......##..###........
.......#.............#
.......o.............#
........o..####.......##
.............###........#
..........o...#[.........#
...........†y..[[).........
............@...............
................#####........
.................######.........
................................
................................
............................####
...............(..........###
..................####...## .
.................## ##..# .


You could see a killer bee, an orc priest and 2 orcs.

Vanquished Creatures
  A black bear (D:5)
  3 ice beasts
  2 ogres
  A centaur (D:7)
  2 phantoms
  A kobold brigand (D:6)
  A bullfrog (D:8)
  3 necrophages
  A scorpion (D:7)
  A gnoll sergeant (D:5)
  3 wights (D:7)
  Dowan (D:7)
  4 killer bees (D:8)
  2 jellies
  2 orc priests
  2 hounds
  2 iguanas
  2 orc wizards
  An adder (D:4)
  3 gnolls (D:4)
  An ufetubus (D:5)
  2 worms
  4 dart slugs
  4 orcs
  3 bats (D:1)
  7 endoplasms
  5 giant cockroaches
  7 goblins
  6 hobgoblins
  9 jackals
  3 quokkas
  4 ball pythons
  2 frilled lizards (D:1)
  6 kobolds
  2 rats (D:3)
103 creatures vanquished.

Vanquished Creatures (collateral kills)
  2 steam dragons
  2 water moccasins (D:7)
  Duvessa (D:7)
  A sky beast (D:6)
  3 ogres
  A phantom (D:5)
  2 centaurs
  A necrophage (D:5)
  A bullfrog (D:4)
  2 scorpions (D:5)
  4 wights
  A killer bee (D:8)
  2 jellies (D:6)
  4 orc priests
  4 hounds (D:5)
  2 iguanas
  An orc wizard (D:3)
  A gnoll (D:4)
  2 adders
  2 white imps
  2 ufetubi (D:4)
  3 worms
  A dart slug (D:4)
  17 orcs
  4 endoplasms
  2 giant cockroaches (D:4)
  2 goblins
  2 hobgoblins
  6 jackals
  2 quokkas
  4 ball pythons
  A frilled lizard (D:3)
  5 kobolds
  2 rats
92 creatures vanquished.

Vanquished Creatures (others)
  3 battlemagi
3 creatures vanquished.

Grand Total: 198 creatures vanquished

Notes
Turn   | Place    | Note
-------+----------+-------------------------------------------
     0 | D:1      | KennySheep the Ogre Fighter began the quest for the Orb.
     0 | D:1      | Reached XP level 1. HP: 24/24 MP: 1/1
   121 | D:1      | Reached XP level 2. HP: 32/32 MP: 2/2
   351 | D:1      | Reached XP level 3. HP: 40/40 MP: 3/3
  1212 | D:2      | Found a faded altar of an unknown god.
  1223 | D:2      | Prayed at the altar of an unknown god.
  1223 | D:2      | Became a worshipper of Hepliaklqana the Forgotten
  1223 | D:2      | Reached * piety under Hepliaklqana
  1548 | D:2      | Reached XP level 4. HP: 43/44 MP: 4/4
  1647 | D:2      | Reached ** piety under Hepliaklqana
  1648 | D:2      | Remembered your ancestor Mr Sparky as a battlemage
  1846 | D:2      | Got the Writings on the Voltaic Coals
  2088 | D:3      | Reached skill level 5 in Fighting
  2258 | D:3      | Gained mutation: You are partially covered in iridescent
                  | scales. (AC +2) [potion of mutation]
  2258 | D:3      | Gained mutation: You have a pair of small horns on your
                  | head. [potion of mutation]
  2258 | D:3      | Lost mutation: You have a pair of small horns on your head.
                  | [potion of mutation]
  2309 | D:3      | Reached XP level 5. HP: 47/51 MP: 5/5
  3052 | D:4      | Reached skill level 1 in Throwing
  3052 | D:4      | Reached XP level 6. HP: 40/60 MP: 6/6
  3323 | D:4      | Reached skill level 5 in Maces & Flails
  3323 | D:4      | Reached XP level 7. HP: 56/67 MP: 7/7
  3383 | D:4      | Reached *** piety under Hepliaklqana
  3415 | D:4      | Found an ornate altar of the Wu Jian Council.
  3444 | D:4      | Found a white marble altar of Elyvilon.
  4022 | D:5      | Entered Level 5 of the Dungeon
  4075 | D:5      | Reached XP level 8. HP: 66/75 MP: 8/8
  4945 | D:5      | Reached XP level 9. HP: 50/86 MP: 9/9
  5232 | D:6      | Reached skill level 5 in Dodging
  5286 | D:6      | Found a glowing golden altar of the Shining One.
  5502 | D:6      | Reached **** piety under Hepliaklqana
  5517 | D:6      | Found Byenad's Weapon Shop.
  5541 | D:6      | Found a staircase to the Ecumenical Temple.
  5699 | D:6      | Found a bloodstained altar of Trog.
  5897 | D:6      | Found a broken altar of Ashenzari.
  5946 | D:6      | Reached skill level 5 in Throwing
  6217 | D:7      | Identified the +5 hand axe of the Yoke {holy, rC+}
  6246 | D:7      | Identified the +5 ring mail "Waanguob" {rPois Str+2 Int+3}
  6265 | D:7      | Noticed Dowan
  6266 | D:7      | Noticed Duvessa
  6280 | D:7      | Killed Dowan
  6303 | D:7      | Killed Duvessa
  6817 | D:7      | Reached XP level 10. HP: 95/96 MP: 10/10
  7344 | D:8      | Reached ***** piety under Hepliaklqana
  7664 | D:8      | HP: 2/94 [orc priest/divine providence (12)]
  7664 | D:8      | Slain by a killer bee

Illustrated notes

Levels and vault maps discovered:
D:1:      beargit_arrival_diablo_church, layout_loops_ring,
          nicolae_hexahallways, minmay_fountain_box,
          ebering_dispersal_statue_hall, dk_noncrumbling_2
D:2:      layout_loops_corners, dreamdust_ecumenical_altar_hidden_monk_grotto
D:3:      layout_basic
D:4:      layout_loops_ring, chequers_temple_overflow_statue_of_worship,
          nzn_random_ring
D:5:      minmay_polygon_palace, layout_cave_pools, serial_bayou,
          serial_bayou_shore_b, serial_bayou_pond_e, serial_bayou_pond_b,
          serial_bayou_shore_b
D:6:      layout_rooms, mainiacjoe_overflow_surrounded_room, lemuel_round_altar,
          old_standard_altar, minmay_temple_entry_statues_pillars,
          gup_sewer_entry_spiral, serial_shops, nicolae_shop_advertising_works
          [nicolae_subvault_shop_adworks], corexii_hall_statues_x
D:7:      nicolae_cairo_tiling, layout_rooms, uniq_duvessa
D:8:      layout_layer_cave

Skill      XL: |  1  2  3  4  5  6  7  8  9 10 |
---------------+-------------------------------+-----
Maces & Flails | 2 3 4 5 7 8 9 |  9.3
Fighting       | 5 6 8 9 |  9.9
Throwing       | 1 2 4 5 |  5.5
Dodging        | 3 4 5 |  5.9
Shields        | |  3.0

Action                   |  1- 3 |  4- 6 |  7- 9 | 10-12 || total
-------------------------+-------+-------+-------+-------++-------
Melee: Flail             |   115 |    65 |   111 |       ||   291
       Whip              |       |       |    66 |       ||    66
       Giant spiked club |       |       |     3 |    35 ||    38
Throw: Dart              |       |       |     4 |       ||     4
Invok: Ancestor Identity |     1 |       |       |       ||     1
       Ancestor Life: Ba |       |     1 |       |       ||     1
Evoke: Wand              |       |     2 |       |       ||     2
  Use: Scroll            |     2 |     2 |     9 |     1 ||    14
       Potion            |       |     2 |     4 |     1 ||     7
 Stab: Sleeping          |     2 |       |       |       ||     2
       Invisible         |       |       |     3 |       ||     3
       Distracted        |       |       |     1 |       ||     1
Armor: Robe              |    47 |    29 |    51 |    16 ||   143
Dodge: Dodged            |    55 |    33 |    79 |    27 ||   194
Block: Kite shield       |    57 |    29 |    85 |       ||   171
       Other             |       |       |     1 |    14 ||    15

Table legend: (Time is in decaauts)
 A = Elapsed time spent in this place.
 B = Non-inter-level travel time spent in this place.
 C = Inter-level travel time spent in this place.
 D = Time resting spent in this place.
 E = Time spent auto-exploring this place.
 F = Levels seen in this place.
 G = Mean time per level.
                   A        B        C        D        E       F      G
               +--------+--------+--------+--------+--------+-----+--------+
         Total |   7795 |   7512 |    283 |    730 |   5341 |   8 |  974.4 |
       Dungeon |   7795 |   7512 |    283 |    730 |   5341 |   8 |  974.4 |
               +--------+--------+--------+--------+--------+-----+--------+

Top non-repeatable levels by time:
     D:1: 1189 daAuts
     D:5: 1168 daAuts
     D:7: 1149 daAuts
     D:4: 1128 daAuts
     D:6: 1099 daAuts
     D:2: 887 daAuts
     D:3: 887 daAuts
     D:8: 286 daAuts
